 Dungeon Crawl Stone Soup version 0.30.1-4-g462c640d31 (webtiles) character file.

Game seed: 11332382856826500074

9645 safid the Frost Mage (level 11, -1/92 HPs)
             Began as a Merfolk Ice Elementalist on Aug 10, 2023.
             Was a High Priest of Vehumet.
             Slain by an ogre
             ... wielding a +0 halberd
              (23 damage)
             ... in a bailey.
             The game lasted 00:23:28 (10862 turns).

safid the Frost Mage (Merfolk Ice Elementalist)    Turns: 10862, Time: 00:23:29

Health: -1/92      AC: 13    Str:  9    XL:     11   Next: 49%
Magic:  24/24      EV: 15    Int: 18    God:    Vehumet [*****.]
Gold:   335        SH:  9    Dex: 15    Spells: 21/28 levels left

rFire   . . .        p - +2 short sword (venom)
rCold   + . .        H - +0 kite shield
rNeg    . . .        d - +2 robe {rC+}
rPois   .            (no helmet)
rElec   .            j - +0 cloak
rCorr   .            (no gloves)
SInv    +            I - melded +1 pair of boots {Stlth+}
Will    .....        r - amulet of magic regeneration
Stlth   +++          m - ring of see invisible
HPRegen 0.35/turn    (no ring)
MPRegen 0.59/turn

%: no passive effects
@: ice-armoured, very quick
A: nimble swimmer 2, mertail
a: Renounce Religion


You were in a bailey.
You worshipped Vehumet.
Vehumet was extremely pleased with you.
You visited 2 branches of the dungeon, and saw 11 of its levels.
You also visited: Ossuary and Bailey.

You collected 565 gold pieces.
You spent 230 gold pieces at shops.

Inventory:

Hand Weapons
 p - a +2 short sword of venom (weapon)
Missiles
 a - a curare-tipped dart
Armour
 d - a +2 robe of cold resistance (worn)
 j - a +0 cloak (worn)
 H - a +0 kite shield (worn)
 I - a +1 pair of boots of stealth (melded)
Jewellery
 m - a ring of see invisible (left hand)
 r - an amulet of magic regeneration (around neck)
Wands
 B - a wand of flame (8)
 E - a wand of iceblast (9)
Scrolls
 e - 4 scrolls of amnesia
 g - 4 scrolls of fog
 h - 2 scrolls of silence
 l - 3 scrolls of enchant armour
 s - 9 scrolls of teleportation
 t - 3 scrolls of blinking
 u - a scroll of torment {unknown}
 v - 2 scrolls of enchant weapon {unknown}
 y - 2 scrolls of butterflies {unknown}
 C - a scroll of magic mapping {unknown}
 G - a scroll of fear {unknown}
Potions
 b - 3 potions of magic
 f - 4 potions of brilliance {unknown}
 i - 2 potions of invisibility
 k - 2 potions of degeneration {unknown}
 n - 5 potions of curing
 o - 2 potions of attraction {unknown}
 q - a potion of ambrosia {unknown}
 w - 2 potions of might {unknown}
 x - 2 potions of flight {unknown}
 z - 3 potions of haste
 A - a potion of lignification {unknown}
 D - 4 potions of resistance {unknown}


   Skills:
 + Level 10.5 Fighting
 + Level 6.4 Dodging
 - Level 2.1 Stealth
 + Level 4.2 Shields
 + Level 9.1 Spellcasting
 + Level 11.4 Ice Magic


You had 21 spell levels left.
You knew the following spells:

 Your Spells              Type           Power      Damage    Failure   Level
a - Freeze                Ice            100%       1d10      1%          1
b - Frozen Ramparts       Ice            98%        1d15      1%          3
c - Ozocubu's Armour      Ice            49%        N/A       1%          3

Your spell library contained the following spells:

 Spells                   Type           Power      Damage    Failure   Level
 Irradiate                Conj/Tmut      4%         3d13      93%         5
 Foxfire                  Conj/Fire      32%        2x1d5     11%         1
 Summon Ice Beast         Ice/Summ       28%        N/A       36%         4
 Lesser Beckoning         Tloc           16%        N/A       52%         2
 Passwall                 Tmut/Erth      6%         N/A       52%         2
 Gell's Gravitas          Tloc           8%         N/A       77%         3
 Spider Form              Tmut/Pois      8%         N/A       77%         3
 Teleport Other           Tloc           8%         N/A       77%         3
 Fireball                 Conj/Fire      4%         3d4       93%         5
 Alistair's Intoxication  Tmut/Pois      5%         N/A       100%        5
 Iron Shot                Conj/Erth      4%         9d2       100%        6
 Plasma Beam              Fire/Air       4%         2x1d15    100%        6
 Starburst                Conj/Fire      4%         6d3       100%        6


Dungeon Overview and Level Annotations

Branches:
Dungeon (10/15)            Temple (1/1) D:4            Lair (0/5) D:9
Ossuary (visited)          Bailey (1/1)
    Orc: D:9-12

Altars:
Ashenzari
Cheibriados
Dithmenos
Elyvilon
Fedhas
Gozag
Hepliaklqana
Kikubaaqudgha
Makhleb
Nemelex Xobeh
Okawaru
Qazlal
Ru
Sif Muna
Trog
Uskayaw
Vehumet
Wu Jian
Xom
Yredelemnul
Zin
The Shining One

Shops:
D:5 !   D:10 [

Annotations:
D:3 1 runed translucent door, Crazy Yiuf


Innate Abilities, Weirdness & Mutations

You are very nimble when in or above water. (Stealth+, EV+, Speed+++)
Your lower body shifts to a powerful aquatic tail in water.


Message History

Your icy armour and frozen ramparts will break if you move.
Continue?
Your icy armour cracks and falls away as you move.
The frozen ramparts melt away as you move.
The ogre hits you from afar with a +0 halberd!
You see here a +0 halberd.
The ogre completely misses you.
You completely miss the ogre. You tail-slap the ogre.
The ogre is lightly wounded.
You block the ogre's attack. The ogre barely misses you.
Unknown command.
You closely miss the ogre.
Your tail-slap misses the ogre.
The ogre is lightly wounded.
You block the ogre's attack. The ogre misses you.
Unknown command.
You hit the ogre.
The ogre is poisoned.
Your tail-slap misses the ogre.
The ogre is severely wounded.
You block the ogre's attack.
Unknown command.
Casting: Frozen Ramparts (safe; 1% risk of failure)
Confirm with . or Enter, or press ? or * to list all spells.
A film of ice covers your body!
An ogre comes into view. It is wielding a +0 halberd.
The ogre closely misses you. The ogre hits you with a +0 halberd!
* * * LOW HITPOINT WARNING * * *
You block the ogre's attack.
Unknown command.
The ogre shouts!
You hit the ogre.
The ogre looks as sick as possible!
The ogre is severely wounded.
You kill the ogre!
Vehumet accepts your kill.
You feel your power returning.
You hear a splash.
The ogre hits you but does no damage.
You barely miss the ogre.
The ogre is lightly wounded.
An ogre comes into view. It is wielding a +0 halberd.
The ogre hits you with a +0 halberd!!
You die...

#### #... ###
#.O. ##.##
#..# ##...##
##..# #..)..#
##.O♣
##.....###..♣
#...∩.))~)..♣
#......)@~..#
#......~~O..♣
#......~~~..#
#...∩..~~~..#
##.....###..#
#.....# ##..♣
##...## #..#
##.## #..#
### #..


You could see 3 ogres.

Vanquished Creatures
  Pikel (D:4)
  Joseph (D:7)
  Psyche (D:8)
  A komodo dragon (D:9)
  Prince Ribbit (D:5)
  4 slime creatures (D:10)
  Sigmund (D:3)
  A wyvern (D:9)
  A shadow (D:10)
  11 yaks
  A steam dragon (D:5)
  4 vampire mosquitoes (D:10)
  Edmund (D:5)
  Menkaure (D:5)
  An acid dragon (D:9)
  2 ice beasts (D:7)
  An orc warrior (D:9)
  2 sky beasts
  A black bear (D:7)
  8 ogres
  3 centaurs
  3 lemures (D:4)
  A kobold brigand (D:9)
  A phantom (D:4)
  A gnoll sergeant (D:7)
  A bullfrog (D:7)
  4 scorpions
  4 elf zombies (Ossuary)
  8 wights
  8 killer bees
  2 electric eels (D:6)
  7 howler monkeys
  A centaur zombie (Ossuary)
  5 hounds
  5 orc priests
  A gnoll bouda (D:9)
  Jessica (D:2)
  10 iguanas
  9 orc wizards
  2 sleepcaps
  Natasha (D:3)
  2 mummies (Ossuary)
  10 adders
  6 gnolls
  3 shadow imps
  A white imp (D:5)
  An ufetubus (D:6)
  An adder zombie (Ossuary)
  A worm (D:2)
  2 dart slugs
  18 orcs
  7 ball pythons
  7 bats
  3 endoplasms
  3 giant cockroaches
  9 goblins
  9 hobgoblins
  3 jackals (D:2)
  12 kobolds
  2 quokkas
  3 frilled lizards (D:1)
  5 goblin zombies (Ossuary)
  6 hobgoblin zombies (Ossuary)
  12 kobold zombies (Ossuary)
  7 orc zombies (Ossuary)
  4 rats
  A rat zombie (Ossuary)
  A spectral hobgoblin (D:9)
262 creatures vanquished.

Vanquished Creatures (others)
  A shadow (D:5)
  An orc priest (D:5)
  An orc wizard (D:8)
  A quokka (D:5)
4 creatures vanquished.

Grand Total: 266 creatures vanquished

Notes
Turn   | Place    | Note
-------+----------+-------------------------------------------
     0 | D:1      | safid the Merfolk Ice Elementalist began the quest for the
                  | Orb.
     0 | D:1      | Reached XP level 1. HP: 13/13 MP: 3/3
   197 | D:1      | Found a faded altar of an unknown god.
   216 | D:1      | Reached XP level 2. HP: 14/20 MP: 5/5
   255 | D:1      | Reached skill level 1 in Fighting
   660 | D:2      | Reached XP level 3. HP: 23/25 MP: 3/6
   811 | D:2      | Noticed Jessica
   822 | D:2      | Killed Jessica
   823 | D:2      | Reached skill level 5 in Ice Magic
   825 | D:2      | Reached XP level 4. HP: 31/33 MP: 6/8
   897 | D:2      | Found a shadowy altar of Dithmenos.
  1221 | D:2      | Reached XP level 5. HP: 39/39 MP: 9/9
  1523 | D:3      | Found a runed translucent door.
  1524 | D:3      | Noticed Crazy Yiuf
  1923 | D:3      | Noticed Natasha
  2237 | D:3      | Noticed Sigmund
  2246 | D:3      | Killed Sigmund
  2247 | D:3      | Reached XP level 6. HP: 45/48 MP: 9/11
  2251 | D:3      | Learned a level 3 spell: Frozen Ramparts
  2255 | D:3      | Learned a level 3 spell: Ozocubu's Armour
  2294 | D:3      | Killed Natasha
  2295 | D:3      | Reached skill level 6 in Ice Magic
  2562 | D:3      | Found a snail-covered altar of Cheibriados.
  2640 | D:4      | Noticed Pikel
  2660 | D:4      | Killed Pikel
  2661 | D:4      | Reached skill level 5 in Fighting
  2661 | D:4      | Reached XP level 7. HP: 32/56 MP: 7/14
  2957 | D:4      | Found a blossoming altar of Fedhas.
  2997 | D:4      | Reached skill level 5 in Spellcasting
  2997 | D:4      | Reached skill level 7 in Ice Magic
  2997 | D:4      | Reached XP level 8. HP: 20/62 MP: 15/15
  3186 | D:4      | Found a glowing golden altar of the Shining One.
  3215 | D:4      | Found a staircase to the Ecumenical Temple.
  3234 | Temple   | Entered the Ecumenical Temple
  3300 | Temple   | Became a worshipper of Vehumet
  3656 | D:5      | Entered Level 5 of the Dungeon
  3891 | D:5      | Found a sand-covered staircase.
  3895 | D:5      | Noticed Prince Ribbit
  3898 | Ossuary  | Entered an ossuary
  4051 | Ossuary  | Reached * piety under Vehumet
  4051 | Ossuary  | Offered knowledge of Shock by Vehumet.
  4307 | Ossuary  | Reached skill level 8 in Ice Magic
  4522 | D:5      | Killed Prince Ribbit
  4523 | D:5      | Reached XP level 9. HP: 46/71 MP: 15/18
  4617 | D:5      | Found Quklaem's Distillery.
  4625 | D:5      | Bought a potion of heal wounds for 65 gold pieces
  4814 | D:5      | Reached ** piety under Vehumet
  4994 | D:5      | Noticed Menkaure
  5006 | D:5      | Killed Menkaure
  5202 | D:5      | Offered knowledge of Static Discharge by Vehumet.
  5388 | D:5      | Found an opulent altar of Gozag.
  5515 | D:5      | Noticed Edmund
  5533 | D:5      | Killed Edmund
  5534 | D:5      | Reached skill level 9 in Ice Magic
  6241 | D:6      | Offered knowledge of Hailstorm by Vehumet.
  6675 | D:6      | Found an iron altar of Okawaru.
  6676 | D:6      | Found a shimmering altar of Xom.
  6905 | D:6      | Reached XP level 10. HP: 61/82 MP: 18/21
  7037 | D:6      | Found a stormy altar of Qazlal.
  7080 | D:7      | Reached *** piety under Vehumet
  7096 | D:7      | Reached skill level 10 in Ice Magic
  7383 | D:7      | Noticed Joseph
  7400 | D:7      | Killed Joseph
  7403 | D:7      | Offered knowledge of Sticky Flame by Vehumet.
  8026 | D:7      | Found an ornate altar of the Wu Jian Council.
  8312 | D:8      | Noticed Psyche
  8333 | D:8      | Killed Psyche
  8334 | D:8      | Reached skill level 1 in Shields
  9248 | D:9      | Got Qasmi's Monograph on Rank Scree
  9333 | D:9      | Reached **** piety under Vehumet
  9409 | D:9      | Offered knowledge of Irradiate by Vehumet.
  9550 | D:9      | Reached skill level 10 in Fighting
  9550 | D:9      | Reached skill level 5 in Dodging
  9550 | D:9      | Reached XP level 11. HP: 46/90 MP: 23/23
  9689 | D:9      | Found a staircase to the Lair.
  9806 | D:9      | Reached skill level 11 in Ice Magic
 10003 | D:9      | Found a hazy altar of Hepliaklqana.
 10132 | D:10     | Entered Level 10 of the Dungeon
 10165 | D:10     | Found Xiema Kyna's Antique Armour Shop.
 10173 | D:10     | Bought a pair of runed boots for 165 gold pieces
 10513 | D:10     | HP: 2/91 [yak (6)]
 10714 | D:10     | Found a flagged portal.
 10720 | D:10     | Reached ***** piety under Vehumet
 10729 | Bailey   | Entered a bailey
 10862 | Bailey   | Slain by an ogre

Illustrated notes

Levels and vault maps discovered:
D:1:      lemuel_arrival_hallway, layout_rooms, ebering_ecumenical_altar_mist,
          minmay_pentomino_t2
D:2:      layout_basic, basic_altar, minmay_strange_pillars, uniq_jessica
D:3:      minmay_evil_eye, layout_basic, mainiacjoe_overflow_alcove_1,
          minmay_snake_closets, uniq_natasha, uniq_sigmund,
          uniq_crazy_yiuf_cottage
D:4:      layout_basic, general_overflow_altar, fedhas_altar_3,
          minmay_temple_entry_arrows, uniq_pikel
D:5:      layout_gridville, nicolae_gozag_cash_rules_everything_around_me,
          nicolae_ossuary_entry_ruins, serial_shops, shop,
          nicolae_concentric_dashed_squares_wild, kennysheep_generic_room_11,
          uniq_menkaure, uniq_prince_ribbit1, uniq_edmund
D:6:      layout_basic, nicolae_overflow_two_pavilions,
          nicolae_qazlal_eye_of_the_storm, dk_vineyard_3, serial_bayou_lagoon_a,
          hellmonk_bongcloud_opening
D:7:      layout_basic, mainiacjoe_overflow_boulevard, interstate_on_off,
          uniq_joseph
D:8:      layout_loops_ring, minmay_misc_feat_columns, reono_crystal_passage,
          uniq_psyche
D:9:      layout_roguey, nicolae_hepliaklqana_monster_ancestors,
          david_lair_shrubbed, minmay_statues_item
D:10:     layout_stronghold, serial_shops,
          nicolae_shop_temple_entry_statues_fountains, enter_bailey_2
Temple:   nicolae_temple_god_jail
Bailey:   bailey_polearm_enchanted_keep_hellmonk, bailey

Skill      XL: |  1  2  3  4  5  6  7  8  9 10 11 |
---------------+----------------------------------+-----
Fighting       | 1 2 3 5 6 8 10 | 10.5
Ice Magic      | 5 6 7 8 9 10 11 | 11.4
Spellcasting   | 3 4 5 6 7 8 9 |  9.1
Dodging        | 5 6 |  6.4
Shields        | 3 4 |  4.2
Stealth        | |  2.1

Action                     |  1- 3 |  4- 6 |  7- 9 | 10-12 || total
---------------------------+-------+-------+-------+-------++-------
  Melee: Dagger            |    62 |    23 |       |       ||    85
         Punch             |     1 |       |     8 |     2 ||    11
         Short sword       |       |   105 |   448 |   271 ||   824
         Tailslap          |       |       |     4 |     3 ||     7
         Unarmed           |       |       |       |     8 ||     8
   Cast: Freeze            |    11 |       |     6 |     7 ||    24
         Frozen Ramparts   |       |     3 |    45 |    34 ||    82
         Ozocubu's Armour  |       |     1 |    35 |    23 ||    59
    Use: Potion            |       |       |     3 |     4 ||     7
         Scroll            |       |       |     7 |     4 ||    11
   Stab: Sleeping          |     3 |     9 |     4 |     2 ||    18
         Invisible         |       |       |     1 |       ||     1
 Armour: Robe              |    10 |    23 |   153 |    90 ||   276
  Dodge: Dodged            |    50 |    80 |   246 |   167 ||   543
  Block: Kite shield       |       |       |       |   100 ||   100
